leta goa, chaotic female human Monk ---------------- #-^.............| ###|..............| ----- # |..............| #-..<. # --.-----------|-########## #|...|# # ## ### --.-.- #|...|# # # |....| #-----# # ### +....| #### # # # ###|....| # ##############################&@#######.....| # # # # ### ------ ### # ### # ------## # # # |....-## # # -----|------# +...>|#### ### ...........|# |.....# ----------# |..........| ------ |.........# |..........| .........|`######...........| ---------- ------------ leta goa the Novice Experience level: 4 Strength: 18/01 Dexterity: 12 Constitution: 12 Intelligence: 13 Wisdom: 12 Charisma: 7 Health: 0(23) Energy: 17(17) Def: 6 Gold: 234 Moves: 1306 Dungeon seed: CGwQ6Vpg2w4yQwfK Game ID: leta goa_1546879462 Your Inventory: Coins $ - 234 gold pieces Weapons t - 7 +0 darts Armor e - an uncursed +2 pair of leather gloves (being worn) n - an uncursed +1 robe (being worn) Comestibles d - 4 uncursed food rations f - 6 uncursed apples g - 6 uncursed oranges h - 5 uncursed fortune cookies s - 2 uncursed eggs Spellbooks a - a blessed spellbook of sleep Potions c - 3 uncursed potions of healing Rings k - an uncursed ring of slow digestion (on left hand) u - an uncursed ring of levitation Wands o - a wand of probing (0:7) Tools i - a magic marker (0:91) m - an uncursed skeleton key Spells and supernatural/magical abilities: Name Level Category Fail Memory z - sleep 1 enchantment 0% 94% W - pray for help -- divine ? -- Your skills at the end: Fighting Skills martial arts [Basic] Weapon Skills Spellcasting Skills healing spells [Basic] Final Attributes: You were piously aligned. You were sleep resistant. You were poison resistant. You saw invisible. You had slower digestion. You were fast. You are dead. Vanquished creatures: a water elemental a shrieker a kitten an acid blob 3 manes a large kobold 3 garter snakes a gnome zombie 2 geckos 2 jackals a kobold 3 sewer rats 3 grid bugs 3 lichens 5 newts 31 creatures vanquished. Voluntary challenges: You followed a strict vegan diet. You were an atheist. You never hit with a wielded weapon. You read items or engraved 3 times, starting on turn 989. You never genocided any monsters. You never polymorphed an object. You never changed form. You used no wishes. You never split a pudding. You never wrote Elbereth's name. You violated your moral code, losing 15 points of alignment, starting on turn 576. Dungeon overview: The Dungeons of Doom: levels 1 to 3 Level 1 a sink a long staircase Level 2 a scroll shop Level 3 <- You were here History has recorded: On T:1 you entered the Dungeons of Doom to retrieve the Amulet of Yendor! On T:110 you advanced to experience level 2. On T:120 you advanced to experience level 3. On T:190 you reached level 2 of The Dungeons of Doom. On T:576 you advanced to experience level 4. On T:1098 you reached level 3 of The Dungeons of Doom. Score breakdown: Gold: 234 ( 8065 points) Experience: 4 levels ( 9649 points) Exploration: 3 levels ( 6.00%) ( 6060 points) Discoveries: 5 items ( 1.79%) ( 4008 points) Valuables value: (no points given unless you survive) Artifact value: 0 ( 0 points) Variety of kills: 15 monsters ( 3.94%) ( 5952 points) Turncount: 1306 turns ( 0 points) Survival: died (score multiplied by 80%) Total score: 26987 Latest messages: The door opens. You hear someone counting money. $ - 85 gold pieces. You hear the footsteps of a guard on patrol. With great effort you move the boulder. You try to move the boulder, but in vain. (8x) You are enveloped in a cloud of gas! The water demon hits! The water demon just misses! The water demon bites! You miss the water demon. The water demon hits! (2x) The water demon bites! You miss the water demon. The water demon hits! (2x) The water demon bites! You miss the water demon. (2x) The water demon hits! (2x) The water demon bites! You hit the water demon! The water demon hits! You die... Final status: Goodbye leta goa the Monk, killed by a water demon... You died in The Dungeons of Doom on dungeon level 3 with 26987 points, and 234 pieces of gold, after 1306 moves. You were level 4 with a maximum of 23 hit points when you died.